Map: Ruins of Seras

Players

IIIIIIIIIII - Winner!

  • Race: Zerg Zerg
  • League: Diamond

wandroid

  • Race: Protoss Protoss
  • League: Master

VOD

Have the link to the VOD?

Description

Time

  • Played on: March 5, 2016, 6:02 p.m.
  • Length: 9:23
Show
View Real Time Build Order
Export as new Build Order

IIIIIIIIIII Zerg - Winner!

Build Orders: Pool First 

Get SALT Encoding   

  12  0:01  Drone  
  13  0:08  Drone  
  14  0:14  Extractor  
  14  0:15  Drone  
  14  0:33  Spawning Pool  
  13  0:38  Drone  
  14  0:43  Extractor  
  14  0:44  Drone  
  15  0:55  Overlord  
  15  1:19  Queen  
  15  1:20  Metabolic Boost  
  15  1:21  Zergling x2  
  15  1:23  Zergling x2  
  19  1:27  Zergling x2  
  20  1:34  Zergling x2  
  21  1:53  Hatchery  
  20  1:59  Overlord  
  20  2:05  Zergling x2  
  21  2:08  Zergling x2  
  22  2:21  Evolution Chamber  
  21  2:23  Zergling x2  
  21  2:31  Zergling x4  
  22  2:47  Zerg Melee Weapons Level 1  
  22  2:50  Drone x2  
  24  2:54  Drone  
  25  3:01  Drone  
  26  3:05  Drone  
  26  3:12  Queen  
  27  3:19  Zergling x2  
  29  3:20  Zergling x2  
  25  3:29  Zergling x4  
  25  3:30  Zergling x2  
  28  3:34  Zergling x2  
  28  3:35  Zergling x2  
  29  3:41  Overlord  
  29  3:43  Zergling x2  
  30  3:48  Zergling x2  
  31  4:01  Zergling x2  
  31  4:02  Zergling x6  
  35  4:04  Zergling x4  
  35  4:06  Zergling x2  
  38  4:11  Zergling x2  
  38  4:12  Zergling x2  
  40  4:19  Overlord  
  40  4:22  Zergling x2  
  41  4:26  Zergling x2  
  41  4:27  Zergling x2  
  41  4:29  Zergling x2  
  44  4:36  Overlord  
  44  4:39  Zergling x2  
  44  4:41  Zergling x2  
  44  4:57  Zergling x10  
  41  5:18  Zergling x14  
  45  5:32  Spore Crawler  
  45  5:34  Spore Crawler  
  41  5:38  Drone x4  
  44  5:49  Zergling x2  
  44  5:50  Zergling x4  
  45  5:58  Zergling x6  
  45  5:59  Zergling x2  
  49  6:05  Zergling x4  
  51  6:12  Overlord  
  50  6:19  Zergling x2  
  50  6:20  Zergling x6  
  41  6:33  Zergling x2  
  41  6:34  Zergling x6  
  44  6:44  Zergling x6  
  39  6:56  Zergling x6  
  41  7:04  Zergling x2  
  41  7:08  Zergling x12  
  37  7:30  Zergling x8  
  37  7:36  Zergling x2  
  41  7:37  Zergling x12  
  40  7:53  Zergling x4  
  39  8:01  Zergling x4  
  40  8:05  Zergling x2  
  40  8:06  Zergling x10  
  45  8:19  Zergling x2  
  44  8:20  Zergling x6  
  42  8:37  Zergling x6  
  42  8:38  Zergling x2  
  45  8:49  Hatchery  
  45  8:50  Zergling x2  
  45  8:51  Zergling x8  
  48  8:59  Zergling x2  
  48  9:00  Zergling x2  
Show
View Real Time Build Order
Export as new Build Order

wandroid Protoss 

Build Orders:  

Get SALT Encoding   

  12  0:01  Probe (Chrono Boost)  
  13  0:11  Probe (Chrono Boost)  
  14  0:18  Pylon  
  14  0:23  Probe (Chrono Boost)  
  15  0:36  Probe (Chrono Boost)  
  16  0:47  Probe (Chrono Boost)  
  17  1:04  Gateway  
  17  1:05  Gateway  
  17  1:07  Assimilator  
  17  1:13  Probe (Chrono Boost)  
  17  1:16  Assimilator  
  18  1:24  Probe (Chrono Boost)  
  19  1:34  Probe (Chrono Boost)  
  20  1:45  Probe (Chrono Boost)  
  21  1:48  Pylon  
  21  1:52  Zealot (Chrono Boost)  
  22  1:56  Cybernetics Core  
  22  2:01  Probe  
  22  2:08  Zealot (Chrono Boost)  
  25  2:14  Pylon  
  25  2:35  Pylon  
  23  2:38  Pylon  
  23  2:41  Mothership Core (Chrono Boost)  
  23  2:42  Adept  
  23  2:43  Adept  
  29  2:45  Warp Gate (Chrono Boost)  
  29  3:02  Probe  
  30  3:09  Adept  
  30  3:10  Adept  
  29  3:29  Probe  
  30  3:37  Adept  
  30  3:38  Adept  
  34  3:41  Probe  
  34  3:44  Pylon  
  35  3:50  Nexus  
  35  3:51  Pylon  
  35  3:53  Probe  
  36  4:06  Probe  
  36  4:09  Stargate  
  37  4:18  Probe (Chrono Boost)  
  38  4:30  Probe (Chrono Boost)  
  39  4:35  Gateway  
  39  4:40  Probe (Chrono Boost)  
  39  4:41  Pylon, Sentry x2  
  36  4:55  Pylon  
  33  5:10  Adept  
  33  5:11  Adept  
  32  5:23  Pylon  
  32  5:24  Pylon  
  31  5:30  Pylon  
  28  5:35  Pylon  
  28  5:38  Adept x2  
  32  5:43  Oracle (Chrono Boost)  
  32  5:49  Pylon  
  35  5:52  Adept  
  37  5:59  Adept x2  
  41  6:05  Pylon  
  41  6:12  Nexus  
  41  6:21  Adept x3  
  34  6:44  Sentry x2  
  38  6:51  Sentry  
  36  7:00  Probe  
  37  7:05  Oracle (Chrono Boost)  
  40  7:09  Adept x2  
  40  7:12  Probe  
  40  7:13  Pylon  
  45  7:20  Pylon  
  38  7:31  Adept x2  
  32  7:54  Sentry x2  
  34  8:19  Sentry  
  31  8:39  Sentry  
  33  8:44  Nexus  
  33  8:45  Pylon  
  33  8:46  Pylon  
  32  8:57  Sentry  
  32  9:01  Zealot  
  34  9:07  Zealot  
Tags
 
Add a new tag
Caveats
  • Supply blocks, unpowered buildings, or Contaminate may cause inaccurate times.
  • Supply counts are checked every 10 seconds.